 Dungeon Crawl Stone Soup version 0.28.0-45-g0d030f2227 (webtiles) character file.

Game seed: 10265336520858440965

123 NinjaNoafa the Skirmisher (level 4, -18/48 HPs)
             Began as a Troll Monk on Apr 4, 2022.
             Was a Believer of Cheibriados.
             Killed by an exploding endoplasm (46 damage)
             ... ignited by their inner flame
             ... on level 3 of the Dungeon.
             The game lasted 00:09:41 (1640 turns).

NinjaNoafa the Skirmisher (Troll Monk)              Turns: 1640, Time: 00:09:42

Health: -18/48     AC:  4    Str: 29    XL:     4   Next: 79%
Magic:  3/3        EV: 11    Int: 10    God:    Cheibriados [**....]
Gold:   98         SH:  0    Dex: 18    Spells: 3/3 levels left

rFire   . . .      SeeInvis .   e - +3 whip
rCold   . . .      Faith    .   (no shield)
rNeg    . . .      Spirit   .   a - +0 robe
rPois   .          Reflect  .   (helmet restricted)
rElec   .          Harm     .   (no cloak)
rCorr   .          Rampage  .   (gloves unavailable)
Will    .....                   (boots unavailable)
Stlth   ++........              (no amulet)
HPRegen 0.96/turn               i - +6 ring of strength
MPRegen 0.08/turn               r - ring of flight

@: flying, very slow
A: large, unfitting armour, claws 3, regeneration 1, shaggy fur 1, tough skin 1
a: Renounce Religion, Bend Time


You were on level 3 of the Dungeon.
You worshipped Cheibriados.
Cheibriados was pleased with you.
You visited 1 branch of the dungeon, and saw 3 of its levels.

You collected 98 gold pieces.

Inventory:

Hand Weapons
 e - a +3 whip (weapon)
 j - a +0 dagger of venom
Missiles
 b - 24 stones (quivered)
Armour
 a - a +0 robe (worn)
 h - a +0 pair of gloves
 k - a +2 helmet of see invisible
Magical Staves
 l - a staff of conjuration
Jewellery
 i - a +6 ring of strength (left claw)
 q - a ring of protection from fire
 r - a ring of flight (right claw)
Scrolls
 g - a scroll of identify {unknown}
 m - a scroll of summoning {unknown}
 n - a scroll of amnesia {unknown}
 o - 2 scrolls of vulnerability {unknown}
 p - a scroll of noise {unknown}
Potions
 c - a potion of curing
 d - a potion of heal wounds


   Skills:
 + Level 3.9 Fighting
 - Level 0.4 Maces & Flails
 - Level 2.7 Dodging
 - Level 1.3 Stealth
 - Level 3.2 Unarmed Combat


You had 3 spell levels left.
You didn't know any spells.
Your spell library contained the following spells:

 Spells                   Type           Power      Damage    Failure   Level
 Foxfire                  Conj/Fire      0%         2x1d4     36%         1
 Conjure Flame            Conj/Fire      0%         6-21      75%         3
 Inner Flame              Hex/Fire       0%         N/A       75%         3
 Flame Wave               Conj/Fire      0%         2d4       98%         4


Dungeon Overview and Level Annotations

Branches:
Dungeon (3/15)

Altars:
Cheibriados


Innate Abilities, Weirdness & Mutations

You are too large for most types of armour.
You have claws for hands.
Your natural rate of healing is unusually fast.
You are covered in fur. (AC +1)
You have tough skin. (AC +1)


Message History

The endoplasm hits you but does no damage.
The endoplasm freezes you.
You are frozen.
The endoplasm hits you but does no damage.
There is an open door here.
The orc barely misses you. The endoplasm barely misses you.
The endoplasm barely misses you. The orc barely misses you.
Throw: 26 stones
Press: ? - help, Q - select action, (/) - cycle Shift-Dir - straight line You throw a stone.
The orc closely misses you. The endoplasm freezes you.
You are frozen.
Throw: 25 stones
Press: ? - help, Q - select action, (/) - cycle Shift-Dir - straight line, f - goblin
Aim: a goblin, wielding a +0 dagger (inner flame, 55% to hit)
You throw a stone.
The stone hits the goblin but does no damage.
The goblin hits you but does no damage. The endoplasm freezes you.
You are frozen.
The orc closely misses you.
You hit the goblin.
Flame seeps out of the goblin.
The goblin is severely wounded.
The goblin's inner flame fades away.
The frilled lizard's inner flame fades away.
The goblin is engulfed in blazing flames.
You kill the goblin!
Cheibriados appreciates the change of pace.
The orc closely misses you. The endoplasm freezes you.
You are frozen.
The frilled lizard barely misses you.
You hit the endoplasm.
Cheibriados appreciates the change of pace.
The endoplasm explodes!
The fiery explosion engulfs the frilled lizard!!!
You kill the frilled lizard!
Cheibriados appreciates the change of pace.
The fiery explosion engulfs you!!!
Ouch! That really hurt!
You die...

#.# #...#K#......
#.# #...###......
#.# #............
#.# #.....#..####
#.####.....##.###
#...........#...#
#...............##
#.####...>........
##@####.....##...##
#§.....#####.....+.
#§.°...# #.#...##
#.o....#####†######
#............# #
##'##........# #
#.##..(.....# ###
#.######..... #..
#.# #..... #..


You could see an orc (inner flame).

Vanquished Creatures
  2 adders
  4 worms
  5 dart slugs
  5 orcs (D:3)
  6 endoplasms
  4 giant cockroaches
  6 goblins
  5 hobgoblins
  10 jackals
  4 kobolds
  5 ball pythons
  7 bats
  5 frilled lizards
  6 rats
74 creatures vanquished.

Notes
Turn   | Place    | Note
-------+----------+-------------------------------------------
     0 | D:1      | NinjaNoafa the Troll Monk began the quest for the Orb.
     0 | D:1      | Reached XP level 1. HP: 22/22 MP: 0/0
    91 | D:1      | Reached XP level 2. HP: 29/29 MP: 1/1
   282 | D:1      | Reached XP level 3. HP: 36/36 MP: 2/2
   930 | D:2      | Reached XP level 4. HP: 45/45 MP: 3/3
  1526 | D:3      | Found a snail-covered altar of Cheibriados.
  1557 | D:3      | Became a worshipper of Cheibriados the Contemplative
  1557 | D:3      | Reached * piety under Cheibriados
  1557 | D:3      | Reached ** piety under Cheibriados
  1640 | D:3      | Killed by an exploding endoplasm... ignited by their inner
                  | flame

Illustrated notes

Levels and vault maps discovered:
D:1:      amcnicky_arrival_single_pillar, layout_loops_ring
D:2:      layout_basic, hangedman_decor_growths
D:3:      layout_basic, cheibriados_altar_2, kennysheep_generic_room_10

Skill      XL: |  1  2  3 |
---------------+----------+-----
Fighting       | 3 |  3.9
Maces & Flails | |  0.4
Dodging        | |  2.7
Stealth        | |  1.3
Unarmed Combat | |  3.2

Action                   |  1- 3 |  4- 6 || total
-------------------------+-------+-------++-------
Melee: Unarmed           |    47 |       ||    47
       Whip              |    75 |    64 ||   139
Throw: Stone             |       |     3 ||     3
  Use: Potion            |       |     2 ||     2
       Scroll            |       |     1 ||     1
 Stab: Sleeping          |     1 |     2 ||     3
Armor: Robe              |    50 |    20 ||    70
Dodge: Dodged            |    83 |    57 ||   140
